 Dungeon Crawl Stone Soup version 0.24-a0-525-g9231cdcba1 (webtiles) character file.

Game seed: 12024272649787488789

67 Gynju the Conjurer (level 3, 0/28 HPs)
             Began as a Draconian Conjurer on Aug 2, 2019.
             Succumbed to an adder's poison
             ... on level 2 of the Dungeon.
             The game lasted 00:02:13 (1381 turns).

Gynju the Conjurer (Draconian Conjurer)             Turns: 1381, Time: 00:02:13

Health: 0/28       AC:  5    Str: 10    XL:     3   Next: 98%
Magic:  2/7        EV: 12    Int: 16    God:
Gold:   101        SH:  0    Dex: 11    Spells: 6/7 levels left

rFire    . . .     SeeInvis .   e - -2 hand axe (curse)
rCold    . . .     Gourm    .   (no shield)
rNeg     . . .     Faith    .   (armour unavailable)
rPois    .         Spirit   .   (helmet restricted)
rElec    .         Reflect  .   (no cloak)
rCorr    .         Harm     .   (no gloves)
MR       .....                  (no boots)
Stlth    ++........             (no amulet)
HPRegen  0.09/turn              (no ring)
MPRegen  0.10/turn              (no ring)

@: lethally poisoned (0 -> -3), very slightly contaminated
A: unfitting armour, cold-blooded, AC +5
a: no special abilities


You were on level 2 of the Dungeon.
You were not hungry.

You visited 1 branch of the dungeon, and saw 2 of its levels.

You collected 101 gold pieces.

Inventory:

Hand Weapons
 d - a +0 short sword
 e - a cursed -2 hand axe (weapon)
Scrolls
 a - a scroll of amnesia {unknown}
 c - a scroll of enchant armour {unknown}
Potions
 f - a potion of haste {unknown}
Comestibles
 b - a ration
 g - 2 chunks of flesh


   Skills:
 + Level 1.3 Fighting
 + Level 2.3 Dodging
 - Level 1.7 Stealth
 * Level 2.7 Spellcasting
 * Level 4.5 Conjurations


You had 6 spell levels left.
You knew the following spells:

 Your Spells              Type           Power        Failure   Level  Hunger
a - Magic Dart            Conj           ###.         3%          1    #......

Your spell library contained the following spells:

 Spells                   Type           Power        Failure   Level  Hunger
 Searing Ray              Conj           ###...       4%          2    ##.....
 Dazzling Spray           Conj/Hex       #.....       22%         3    ###....
 Iskenderun's Mystic Bla  Conj           ###.....     30%         4    #####..
 Force Lance              Conj/Tloc      #.......     58%         4    #####..
 Fulminant Prism          Conj/Hex       #.........   58%         4    #####..


Dungeon Overview and Level Annotations

Branches:
Dungeon (2/15)

Altars:


Innate Abilities, Weirdness & Mutations

Your plain brown scales are hard. (AC +5)
You cannot fit into any form of body armour.
You are cold-blooded and may be slowed by cold attacks.


Message History

The adder is almost dead.
You hit the hobgoblin but do no damage. You miss the adder.
You feel sick. The adder bites you.
* * * LOW HITPOINT WARNING * * *
The hobgoblin misses you. The adder bites you but does no damage.
The adder barely misses you. The hobgoblin hits you.
* * * LOW HITPOINT WARNING * * *
You closely miss the adder.
Your tail-slap misses the adder.
The adder is almost dead.
You hit the hobgoblin but do no damage. You closely miss the adder.
The adder barely misses you.
The adder bites you but does no damage. x2
The hobgoblin hits you but does no damage.
The adder barely misses you.
You hit the adder.
You kill the adder!
You miss the adder. You barely miss the hobgoblin. The adder bites you.
* * * LOW HITPOINT WARNING * * *
The hobgoblin hits you but does no damage.
The adder misses you.
You die...

#.#............####
#..................
#....÷..........###
##..............<#
#................#
#...)......).....#
#..#............##
#.÷##..........##
#Kg@..###.######
#....#.### #.#
......#S# #
#.##...S# # #..†##
..). ..#.. .....
#...<.


You could see 2 adders, a hobgoblin and a kobold.

Vanquished Creatures
  2 adders (D:2)
  3 oozes (D:1)
  A worm (D:2)
  A leopard gecko (D:1)
  5 bats
  A giant cockroach (D:1)
  6 goblins
  3 hobgoblins (D:1)
  3 jackals (D:1)
  A kobold (D:1)
  A frilled lizard (D:1)
  4 rats
31 creatures vanquished.

Notes
Turn   | Place    | Note
-------+----------+-------------------------------------------
     0 | D:1      | Gynju the Draconian Conjurer began the quest for the Orb.
     0 | D:1      | Reached XP level 1. HP: 14/14 MP: 3/3
   247 | D:1      | Reached XP level 2. HP: 21/22 MP: 0/5
   875 | D:1      | Reached skill level 1 in Fighting
   882 | D:1      | Reached XP level 3. HP: 24/28 MP: 1/6
  1380 | D:2      | HP: 1/28 [adder (1)]
  1381 | D:2      | Succumbed to an adder's poison

Levels and vault maps discovered:
D:1:      lemuel_arrival_funnel, layout_basic
D:2:      layout_rooms, amethyst_overflow_temple_binary, first_ration,
          nemelex_dance_club_becter

Skill      XL: |  1  2 |
---------------+-------+-----
Dodging        | 2 |  2.3
Fighting       | 1 |  1.3
Stealth        | |  1.7
Spellcasting   | |  2.7
Conjurations   | |  4.5

Action                   || total
-------------------------++-------
Melee: Short sword       ||     9
       Hand axe          ||    18
       Tailslap          ||     2
 Cast: Magic Dart        ||    64
  Use: Scroll            ||     1
  Eat: Chunk             ||     2
Armor: Skin              ||    23
Dodge: Dodged            ||    32

Table legend:
 A = Non-vault XP
 B = Vault XP
 C = Vault XP percentage of total XP
 D = Non-vault monster count
 E = Vault monster count
 F = Vault count percentage of total count
                 A         B        C        D         E       F
            +---------+---------+-------+---------+---------+-------
      Total |      96 |       0 |   0.0 |      31 |       0 |   0.0
            +---------+---------+-------+---------+---------+-------
        D:1 |      58 |       0 |   0.0 |      24 |       0 |   0.0
        D:2 |      38 |       0 |   0.0 |       7 |       0 |   0.0
            +---------+---------+-------+---------+---------+-------
